 Dungeon Crawl Stone Soup version 0.26.1-2-gb8aa6d0cf2 (webtiles) character file.

Game seed: 18437481006602185327

10007 dohliylev the Cleaver (level 11, 0/99 HPs)
             Began as a Minotaur Berserker on Mar 28, 2021.
             Was an Elder of Trog.
             Slain by a boulder beetle (44 damage)
             ... on level 11 of the Dungeon.
             The game lasted 00:18:28 (11441 turns).

dohliylev the Cleaver (Minotaur Berserker)         Turns: 11441, Time: 00:18:28

Health: 0/99       AC: 13    Str: 26    XL:     11   Next: 30%
Magic:  10/10      EV: 15    Int:  4    God:    Trog [****..]
Gold:   426        SH:  5    Dex:  9    Spells: 10/10 levels left

rFire    + . .     SeeInvis .   w - +0 war axe
rCold    + . .     Faith    .   (no shield)
rNeg     + . .     Spirit   .   i - +0 steam dragon scales
rPois    .         Reflect  +   (helmet restricted)
rElec    .         Harm     .   x - scarf {rC+ rF+}
rCorr    .         Rampage  .   A - +0 pair of gloves
Will     ++...                  e - +0 pair of boots
Stlth    +.........             j - amulet of reflection
HPRegen  1.26/turn              h - ring of positive energy
MPRegen  0.12/turn              o - +4 ring of protection

@: berserk cooldown, regenerating, slowed, very slow
A: retaliatory headbutt, horns 2
a: Renounce Religion, Berserk, Trog's Hand, Brothers in Arms


You were on level 11 of the Dungeon.
You worshipped Trog.
Trog was greatly pleased with you.
You visited 1 branch of the dungeon, and saw 11 of its levels.

You collected 530 gold pieces.
You spent 104 gold pieces at shops.

Inventory:

Hand Weapons
 a - a +4 vorpal spear
 w - a +0 war axe (weapon)
Armour
 e - a +0 pair of boots (worn)
 i - +0 steam dragon scales (worn)
 x - a scarf of resistance (worn)
 A - a +0 pair of gloves (worn)
Jewellery
 h - a ring of positive energy (left hand)
 j - an amulet of reflection (around neck)
 o - a +4 ring of protection (right hand)
Scrolls
 c - 5 scrolls of teleportation
 f - 8 scrolls of remove curse
 g - 5 scrolls of fear
 l - 2 scrolls of identify
 p - 2 scrolls of blinking
 r - 3 scrolls of fog
 s - 2 scrolls of enchant armour
 y - 2 scrolls of enchant weapon
Potions
 b - a potion of lignification {unknown}
 d - 2 potions of heal wounds {unknown}
 k - 3 potions of might
 m - 4 potions of curing {unknown}
 n - 2 potions of berserk rage {unknown}
 q - 4 potions of brilliance {unknown}
 t - 2 potions of flight {unknown}
 u - a potion of resistance {unknown}


   Skills:
 + Level 10.1 Fighting
 + Level 12.2(13.3) Axes
 + Level 9.4(12.0) Polearms
 + Level 6.4 Armour
 + Level 7.6 Dodging
 + Level 5.8 Shields


You had 10 spell levels left.
You didn't know any spells.
Your spell library was empty.

Dungeon Overview and Level Annotations

Branches:
Dungeon (11/15)            Temple (0/1) D:5            Lair (0/6) D:10
    Orc: D:9-12

Altars:
Ashenzari
Cheibriados
Hepliaklqana
Kikubaaqudgha
Okawaru
Ru
Sif Muna

Shops:
D:6 (?   D:10 [*


Innate Abilities, Weirdness & Mutations

You reflexively headbutt those who attack you in melee.
You have a pair of horns on your head.


Message History

The boulder beetle is lightly wounded.
The boulder beetle bites you!
You slash the boulder beetle!
The boulder beetle is moderately wounded.
The boulder beetle barely misses you.
You hit the boulder beetle but do no damage.
The boulder beetle is moderately wounded.
Your skin crawls.
You feel strong-willed.
The boulder beetle leaps!
A red film seems to cover your vision as you go berserk!
You feel yourself moving faster!
You feel mighty!
The boulder beetle curls into a ball and begins rolling!
You feel a strong urge to attack something.
There is an open door here.
You feel your anger nearly subside.
You are no longer berserk.
Trog's vigour flows through your veins.
You are exhausted.
You feel yourself slow down. The boulder beetle hits you!!!
You die...

....<# #.#
#........#
.....# #.#
##########
.....# #.#
###### #.#
#.# #.#
#####'###
#.......#
#..?.@..#
#....B..#
#.....°.#
#......°#
#......°#
#.......+
#.......#
#########


You could see a boulder beetle.

Vanquished Creatures
  2 two-headed ogres
  2 ugly things
  A cyclops (D:8)
  A gargoyle (D:10)
  A centaur skeleton (D:11)
  Maggie (D:6)
  2 trolls (D:10)
  Grinder (D:3)
  A hornet (D:8)
  Sigmund (D:2)
  4 yaks (D:10)
  Eustachio (D:6)
  2 humans (D:9)
  A water moccasin (D:10)
  4 orc warriors
  9 ogres
  A black bear (D:9)
  3 ice beasts
  2 sky beasts
  An eye of draining (D:10)
  8 centaurs
  A big kobold (D:8)
  3 bullfrogs
  A gnoll sergeant (D:5)
  5 scorpions
  7 howler monkeys
  5 wights (D:11)
  A centaur zombie (D:7)
  A jelly (D:8)
  A bullfrog skeleton (D:7)
  2 hounds
  4 orc priests
  11 orc wizards
  Terence (D:2)
  Jessica (D:2)
  4 iguanas
  Natasha (twice) (D:2)
  8 worker ants
  A killer bee zombie (D:9)
  2 hound skeletons
  2 worker ant zombies
  2 howler monkey skeletons
  11 adders
  4 gnolls (D:5)
  2 white imps (D:9)
  3 oozes (D:3)
  2 ufetubi
  An adder skeleton (D:9)
  3 worms
  2 dart slugs (D:1)
  5 leopard geckos
  48 orcs
  3 giant cockroaches
  4 goblins
  9 hobgoblins
  16 jackals
  11 kobolds
  3 quokkas
  4 ball pythons
  3 bats
  5 frilled lizards
  A leopard gecko zombie (D:8)
  4 rats
258 creatures vanquished.

Notes
Turn   | Place    | Note
-------+----------+-------------------------------------------
     0 | D:1      | dohliylev the Minotaur Berserker began the quest for the
                  | Orb.
     0 | D:1      | Reached XP level 1. HP: 19/19 MP: 0/0
   374 | D:1      | Reached skill level 4 in Axes
   374 | D:1      | Reached XP level 2. HP: 27/27 MP: 1/1
   728 | D:2      | Noticed Natasha
   728 | D:2      | Noticed Jessica
   738 | D:2      | Killed Jessica
   739 | D:2      | Reached XP level 3. HP: 11/33 MP: 2/2
   739 | D:2      | Killed Natasha
   740 | D:2      | Reached XP level 4. HP: 14/41 MP: 3/3
   981 | D:2      | Noticed Terence
   988 | D:2      | Killed Terence
   989 | D:2      | Reached skill level 5 in Axes
  1068 | D:2      | Noticed Natasha
  1078 | D:2      | Killed Natasha
  1269 | D:2      | Noticed Sigmund
  1298 | D:2      | Killed Sigmund
  1299 | D:2      | Reached skill level 5 in Fighting
  1299 | D:2      | Reached skill level 6 in Axes
  1299 | D:2      | Reached XP level 5. HP: 24/48 MP: 4/4
  1299 | D:2      | Reached XP level 6. HP: 28/56 MP: 5/5
  1703 | D:2      | Found an ancient bone altar of Kikubaaqudgha.
  1703 | D:2      | Found a snail-covered altar of Cheibriados.
  2121 | D:3      | Reached ** piety under Trog
  2564 | D:3      | Noticed Grinder
  2570 | D:3      | Killed Grinder
  2571 | D:3      | Reached skill level 7 in Axes
  2571 | D:3      | Reached XP level 7. HP: 61/61 MP: 6/6
  2712 | D:3      | Found a sacrificial altar of Ru.
  2756 | D:3      | Reached skill level 5 in Armour
  3062 | D:3      | Reached skill level 1 in Shields
  3247 | D:3      | Reached *** piety under Trog
  3900 | D:4      | Reached skill level 8 in Axes
  4051 | D:4      | Reached XP level 8. HP: 32/70 MP: 7/7
  4488 | D:4      | Found a shimmering blue altar of Sif Muna.
  4542 | D:5      | Entered Level 5 of the Dungeon
  4662 | D:5      | Reached skill level 9 in Axes
  4663 | D:5      | Found a staircase to the Ecumenical Temple.
  4668 | D:5      | Reached **** piety under Trog
  4783 | D:5      | Reached skill level 5 in Dodging
  4795 | D:5      | Found a broken altar of Ashenzari.
  4961 | D:5      | Found a hazy altar of Hepliaklqana.
  5452 | D:6      | Noticed Eustachio
  5469 | D:6      | Killed Eustachio
  5470 | D:6      | Reached skill level 1 in Polearms
  5528 | D:6      | Reached skill level 10 in Axes
  5528 | D:6      | Reached XP level 9. HP: 79/79 MP: 8/8
  5546 | D:6      | Found Jeacaori's Magic Scroll Emporium.
  5549 | D:6      | Bought a scroll of enchant weapon for 82 gold pieces
  5549 | D:6      | Bought a scroll of identify for 22 gold pieces
  5896 | D:6      | Noticed Maggie
  5909 | D:6      | Killed Maggie
  5982 | D:6      | Found Gemaf's Antique Weapon Boutique.
  7063 | D:8      | Reached skill level 5 in Polearms
  7374 | D:8      | Noticed a cyclops
  7392 | D:8      | Killed a cyclops
  7393 | D:8      | Reached XP level 10. HP: 71/88 MP: 9/9
  7952 | D:9      | Noticed a brown ugly thing
  7973 | D:9      | Killed a brown ugly thing
  8383 | D:9      | Found an iron altar of Okawaru.
  9403 | D:10     | Entered Level 10 of the Dungeon
  9521 | D:10     | Reached skill level 5 in Shields
  9585 | D:10     | Found Rimafras's General Store.
  9838 | D:10     | Found Wytes's Armour Emporium.
  9882 | D:10     | Noticed a two-headed ogre
  9886 | D:10     | Killed a two-headed ogre
  9887 | D:10     | Reached skill level 11 in Axes
  9978 | D:10     | Noticed a gargoyle
  9992 | D:10     | Killed a gargoyle
 10255 | D:10     | Reached XP level 11. HP: 99/99 MP: 10/10
 10775 | D:10     | Found a staircase to the Lair.
 10847 | D:11     | Noticed a white ugly thing
 10858 | D:11     | Killed a white ugly thing
 11361 | D:11     | Noticed a two-headed ogre
 11365 | D:11     | Killed a two-headed ogre
 11366 | D:11     | Reached skill level 10 in Fighting
 11366 | D:11     | Reached skill level 12 in Axes
 11428 | D:11     | Noticed a boulder beetle
 11441 | D:11     | Slain by a boulder beetle

Illustrated notes

Levels and vault maps discovered:
D:1:      dpeg_cavernosity, layout_rooms, kennysheep_decorative_pillar
D:2:      layout_basic, gammafunk_temple_overflow_elements, st_stairs_9,
          uniq_sigmund, uniq_jessica, uniq_natasha, uniq_terence
D:3:      minmay_chambers_of_twos, layout_loops_corners,
          amcnicky_mini_pool_small, nicolae_ru_sacrificial_ziggurat,
          uniq_grinder
D:4:      layout_loops_ring, lemuel_coloured_pillars_altar
D:5:      layout_basic, cheibrodos_ashenzari_chains,
          nicolae_overflow_crystal_walls, minmay_temple_entry_slanted
D:6:      layout_basic, serial_shops, kennysheep_mini, nicolae_shop_crystal,
          uniq_eustachio, uniq_maggie
D:7:      layout_basic, kennysheep_generic_room_3
D:8:      layout_basic
D:9:      layout_irregular_city, okawaru_humans
D:10:     kennysheep_blocky_hall, layout_basic, lair_entry_dummy, serial_shops,
          nicolae_shop_temple_entry_statues_fountains, nicolae_shop_statue_plus
D:11:     layout_roguey

Skill      XL: |  1  2  3  4  5  6  7  8  9 10 11 |
---------------+----------------------------------+-----
Axes           | 4 6 7 8 10 11 12 | 12.2
Fighting       | 4 5 6 7 8 9 10 | 10.1
Armour         | 4 5 6 |  6.4
Dodging        | 3 4 5 6 7 |  7.6
Shields        | 2 3 4 5 |  5.8
Polearms       | 1 7 9 |  9.4

Action                   |  1- 3 |  4- 6 |  7- 9 | 10-12 || total
-------------------------+-------+-------+-------+-------++-------
Melee: Hand axe          |    38 |    81 |   167 |       ||   286
       Headbutt          |     4 |    12 |    78 |    48 ||   142
       Spear             |       |       |   188 |    97 ||   285
       War axe           |       |       |    20 |   134 ||   154
Invok: Berserk           |     1 |     6 |     8 |    11 ||    26
       Trog's Hand       |       |       |     2 |     4 ||     6
  Use: Scroll            |       |     3 |     8 |     1 ||    12
Armor: Scale mail        |    20 |     3 |       |       ||    23
       Animal skin       |     1 |       |       |       ||     1
       Leather armour    |       |    13 |    40 |       ||    53
       Plate armour      |       |       |    12 |       ||    12
       Steam dragon scal |       |       |    21 |    37 ||    58
Dodge: Dodged            |    24 |    35 |   152 |    99 ||   310
Block: Other             |       |     8 |    53 |    40 ||   101
       Reflection        |       |     1 |     3 |     5 ||     9
